← All builds
Tech / Armada / Economy first / OBSERVED BUILD

Standard tech

Armada Tech (Eco) build order · Supreme Isthmus

Rushes T2 by 4:15, gets Advanced Metal Extractor around 5:28, hands off T2 constructors to Geo and the team, then scales eco and supplies the team's T2 needs through the rest of the game.

Usually first T2 con to Geo (83%)

#eco #t2 #team support · 1579 distinct matches · 255 players · 58% of Armada Tech games · team won 53% of 1874 · Recently observed

HOW TO PLAY IT

Key timing: T2 factory by 4:15

  1. Open 3 mex and heavy wind to fund a fast T2 rush.
  2. Put down Bot Lab, planning to eat it for reclaim soon after.
  3. Get Advanced Bot Lab up, hitting the T2 factory rush timing.
  4. Upgrade mex to Advanced Metal Extractor to lock in team metal income.
  5. Eat Advanced Bot Lab and keep sending cons to Geo and Pond.

Phase by phase

TYPICAL OF ITS 1579 GAMES
  1. 1
  2. 2
  3. 3
  4. 4
PLAY THE OPENING

Follow the example game's first 6:00 step by step: what to build now, what comes next, and where it goes. At 1× it keeps pace with your own game.

  1. 1

    Up to the Bot Lab

    Economy
    • Metal Extractor3Mex
    • Wind Turbine4Wind
    Order
    1. Bot LabBot Lab after 3 mex, 4 winddone ~1:18, middle half 1:13–1:32

    Some games also: energy storage (31%)

    By 1:01 in all: 3 mex · 4 wind

    The example game in this phase · 5 steps
    1. Mex ×3
    2. Wind ×4
    3. Energy storage
    4. Wind ×3
    5. Bot LabBot Labdone 1:51 · typical 1:18
  2. 2

    Bot Lab to Advanced Bot Lab

    Economy
    • Metal Extractor1Mex
    • Wind Turbine8Wind
    • Energy Storage1Energy storage
    Order
    1. Advanced Bot LabAdvanced Bot Lab after 4 mex, 12 wind, 3 con turretdone ~4:16, middle half 4:04–4:30
    Builders
    • Construction Turret3 Con turret
    • Lazarus3 Lazarus
    • Construction Bot2 Con bot
    • Construction Bot1 Con bot for allies

    Some games also: converter (36%)

    By 3:18 in all: 4 mex · 12 wind · 1 energy storage · 3 con turret

    The example game in this phase · 14 steps
    1. Construction BotCon bot ×2
    2. Wind ×2
    3. LazarusLazarus
    4. Con turret
    5. Wind
    6. Mex
    7. LazarusLazarus
    8. Con turret
    9. Wind
    10. Construction BotCon botfor Air
    11. Con turret
    12. Wind
    13. LazarusLazarus
    14. Advanced Bot LabAdvanced Bot Labdone 4:09 · typical 4:16
  3. 3

    Advanced Bot Lab to 5:00

    Economy
    • Wind Turbine3Wind
    Order
    1. Bot LabEat Bot Lab
    Builders
    • Advanced Construction Bot1 T2 con bot for allies

    Some games also: converter (35%)

    By 5:00 in all: 4 mex · 15 wind · 1 converter · 1 energy storage · 3 con turret

    The example game in this phase · 8 steps
    1. Wind ×2
    2. Bot LabEat Bot Labreclaimed for its metal
    3. Advanced Construction BotT2 con botfor Geo
    4. Wind
    5. Advanced Metal ExtractorT2 mexdone 4:45 · typical 5:29
    6. Wind
    7. Advanced Metal ExtractorT2 mex
    8. Wind
  4. 4

    5:00 to 10:00

    Economy
    • Wind Turbine43Wind
    • Energy Converter6Converter
    Builders
    • Butler9 Butler
    • Advanced Construction Bot4 T2 con bot for allies
    • Advanced Construction Bot1 T2 con bot

    Some games also: con turret (43%) · Butler for allies (36%)

    By 10:00 in all: 4 mex · 58 wind · 8 converter · 1 energy storage · 3 con turret

    The example game in this phase · 159 steps
    1. Advanced Construction BotT2 con botfor Air
    2. Wind
    3. SharpshooterSniper botnot finished by 15:00
    4. Advanced Metal ExtractorT2 mex
    5. ButlerButler
    6. Wind
    7. Advanced Construction BotT2 con botfor Pond
    8. Wind
    9. ButlerButlerfor Pond
    10. Wind
    11. SharpshooterSniper botfor Pond
    12. Advanced Metal ExtractorT2 mex
    13. Wind ×4
    14. ButlerButler
    15. Wind
    16. ButlerButler
    17. Wind ×3
    18. Advanced Construction BotT2 con bot
    19. Wind
    20. ButlerButler
    21. Wind ×3
    22. ButlerButler
    23. Wind ×3
    24. ButlerButler
    25. Wind ×6
    26. ButlerButler
    27. Wind ×3
    28. ButlerButler
    29. Wind ×5
    30. Advanced Construction BotT2 con botfor Geo sea
    31. Converter
    32. Wind ×6
    33. Advanced Construction BotT2 con botfor Beach sea
    34. Wind ×5
    35. Converter
    36. Wind
    37. T2 converter
    38. Wind ×4
    39. Advanced Construction BotT2 con bot
    40. Wind ×4
    41. Converter
    42. Wind ×4
    43. Converter
    44. Wind ×4
    45. Advanced Construction BotT2 con bot
    46. Wind ×3
    47. Converter
    48. Wind ×4
    49. Converter
    50. Wind ×3
    51. ButlerButler
    52. Wind ×3
    53. Converter
    54. Wind
    55. ButlerButlerfor Pond
    56. Wind
    57. Con turret
    58. Wind ×3
    59. Converter
    60. CitadelAnti-nukedone 11:08
    61. Wind
    62. ButlerButler
    63. Con turret
    64. Wind ×2
    65. Converter
    66. ButlerButler
    67. Wind ×3
    68. Con turret
    69. Wind ×2
    70. Converter
    71. Wind
    72. ButlerButlerfor Pond
    73. Wind ×4
    74. Converter
    75. Wind ×3
    76. Converter
    77. Wind ×2
    78. Fusion ReactorFusiondone 11:33
    79. Con turret
    80. Wind
    81. Converter
    82. Wind ×2
    83. Con turret
    84. Wind ×2
    85. Con turret
    86. Wind
    87. Converter
    88. Wind ×6
    89. Converter
    90. Wind ×3
    91. T2 converter
    92. Wind ×2
    93. Converter
    94. Wind ×6
    95. Converter
    96. Wind ×3
    97. Converter
    98. Wind ×3
    99. TracerTracer
    100. Wind ×3
    101. Converter
    102. Wind ×2
    103. Advanced Bot LabEat Advanced Bot Labreclaimed for its metal
    104. Wind ×2
    105. Converter
    106. Wind ×2
    107. T2 converter
    108. Wind ×3
    109. Advanced Fusion ReactorAdvanced Fusion Reactordone 14:45
    110. Wind ×3
    111. Converter
    112. Wind ×7
    113. Converter
    114. Wind ×3
    115. T2 converter
    116. Wind ×7
    117. Converter
    118. Wind ×8
    119. Converter
    120. Wind ×5
    121. Converter
    122. Wind
    123. Con turret
    124. Wind ×3
    125. Con turret
    126. Wind ×2
    127. T2 converter
    128. Converter
    129. Wind ×7
    130. Converter
    131. Wind ×5
    132. Converter
    133. Wind ×6
    134. Converter
    135. Wind ×6
    136. Converter
    137. Wind ×4
    138. T2 converter
    139. Wind ×3
    140. Converter
    141. Wind ×7
    142. Converter
    143. Wind ×6
    144. Converter
    145. Wind ×2
    146. Con turret
    147. Wind ×3
    148. Converter
    149. Wind ×6
    150. Converter
    151. T2 converter
    152. Wind ×5
    153. Converter
    154. Wind ×3
    155. T2 converter
    156. Wind ×2
    157. Converter
    158. Wind ×4
    159. Advanced Fusion ReactorAdvanced Fusion Reactor

Counts are medians over the build's games: half of them build more, half fewer. The example game is Sdragona's (34 OS, 27/09/2026); pick another.

Team trades

IN AT LEAST 30% OF ITS GAMES

You hand over

  • Construction Bot1 Con bot to Airfirst at 2:23 · in 84% of games
  • Advanced Construction Bot5 T2 con bot to Air or Geo sea or Pondfirst at 4:50 · in 99% of games
  • Butler2 Butler to Geo sea or Beach sea or Pondfirst at 9:07 · in 42% of games

You get

  • Hercules1 Light transport from Airfirst at 4:01 · in 86% of games

How it plays out

Typical game of this build, running totals by minute

Metal produced

020k40k
0:005:0010:0015:00

metal

Enemy metal destroyed

050100
0:005:0010:0015:00

metal

Own metal lost

050100150
0:005:0010:0015:00

metal

1874 games.

Show as table
ByMetal produced: This buildEnemy metal destroyed: This buildOwn metal lost: This build
1:0038300
2:0091500
3:00165100
4:00314400
5:00484700
6:00580000
7:00722700
8:00906100
9:001117300
10:001350300
11:001624200
12:001965600
13:002344500
14:0027362073
15:003154285130
WHAT THE NUMBERS SAY

Standard Tech play barely fights at all early, instead pouring metal into T2 infrastructure and constructors for the team.

  • + Metal produced hits 31679 by 15:00, by far the highest of any role here.
  • + T2 factory reached in 97% of games by 4:15, fastest and most reliable T2 timing.
  • − Enemy metal destroyed stays at 0 through 10:00, no early offense at all.
  • − Own metal lost also near 0, showing total avoidance of combat risk.
THE EXAMPLE YOU ARE READING

Sdragona

34.4 OS · 27/09/2026

Open source match ↗

1 received units
5591 metal received · 122826 energy received

Allied construction assistance is unknown. Timings are observations, not a promise of solo reproducibility.

Typical milestones

Bot Lab1:18Middle 50%: 1:13–1:32 · n=1874
Advanced Bot Lab4:16Middle 50%: 4:04–4:30 · n=1867
Advanced Metal Extractor5:29Middle 50%: 5:05–5:59 · n=1870

Played most by

Amrissa93games of this buildTheGeneraI66games of this buildAdeus57games of this buildEl_Turco56games of this buildKOT_43games of this build
Standard tech · Armada Tech (Eco) build order · BAR Build Atlas